 Dungeon Crawl Stone Soup version 0.16.1-18-g436b03c (webtiles) character file.

6692 asdasd222 the Thaumaturge (level 10, -2/50 HPs)
             Began as a Deep Elf Conjurer on May 19, 2015.
             Was an Elder of Vehumet.
             Shot with an arrow by a centaur (14 damage)
             ... on level 11 of the Dungeon.
             The game lasted 00:40:33 (13129 turns).

asdasd222 the Thaumaturge (Deep Elf Conjurer)      Turns: 13129, Time: 00:40:33

Health: -2/50      AC: 10    Str:  5    XL:     10   Next: 74%
Magic:  34/34      EV: 12    Int: 24    God:    Vehumet [****..]
Gold:   498        SH:  0    Dex: 20    Spells: 6 memorised, 18 levels left

rFire  . . .     SeeInvis .     (no weapon)
rCold  . . .     Clarity  +     g - +3 leather armour
rNeg   . . .     SustAb   .     (no shield)
rPois  .         Gourm    .     (no helmet)
rElec  .         Spirit   .     w - +2 cloak
rCorr  .         Warding  .     (no gloves)
rMut   .         Stasis   .     u - +0 pair of boots
MR     +....                    (no amulet)
Stlth  ++........               k - +5 ring of dexterity
                                v - ring of wizardry

@: somewhat resistant to hostile enchantments, unstealthy
A: clarity
a: Renounce Religion


You were on level 11 of the Dungeon.
You worshipped Vehumet.
Vehumet was greatly pleased with you.
You were hungry.

You visited 1 branch of the dungeon, and saw 11 of its levels.
You also visited: Ossuary.

You collected 498 gold pieces.

Inventory:

Armour
 g - a +3 leather armour (worn)
 u - a +0 pair of boots (worn)
 w - a +2 cloak (worn)
Jewellery
 j - a +3 ring of dexterity
 k - a +5 ring of dexterity (right hand)
 v - a ring of wizardry (left hand)
 z - an uncursed ring of fire
 O - an uncursed ring of sustain abilities {unknown}
Magical devices
 I - a wand of flame (21)
 J - a wand of flame (31)
 M - a wand of magic darts (28)
 Q - a wand of draining (5)
Scrolls
 a - a scroll of fear {unknown}
 f - 4 scrolls of magic mapping {unknown}
 i - 5 scrolls of enchant weapon {unknown}
 m - 3 scrolls of immolation {unknown}
 n - 4 scrolls of remove curse
 o - 2 scrolls of identify
 q - 5 scrolls of amnesia {unknown}
 s - 3 scrolls of teleportation {unknown}
 x - 2 scrolls of fog {unknown}
 y - a scroll of recharging {unknown}
 B - 2 scrolls of blinking {unknown}
 D - a scroll of enchant armour {unknown}
 K - a scroll of random uselessness {unknown}
Potions
 d - 3 potions of haste
 e - 4 potions of curing
 l - 3 potions of might {unknown}
 p - 4 potions of restore abilities
 r - 2 potions of mutation {unknown}
 t - 2 potions of lignification {unknown}
 A - 2 potions of berserk rage {unknown}
 F - a potion of degeneration {unknown}
 L - 3 potions of heal wounds {unknown}
 R - a potion of resistance {unknown}
Books
 c - a book of Conjurations

   Spells                             Type                      Level
   a - Magic Dart                     Conjuration                  1
   b - Searing Ray                    Conjuration                  2
   c - Dazzling Spray                 Conjuration/Hexes            3
   d - Fulminant Prism                Conjuration/Hexes            4
   e - Iskenderun's Mystic Blast      Conjuration                  4
   f - Iskenderun's Battlesphere      Conjuration/Charms           5
 E - a book of Maledictions

   Spells                             Type                      Level
   a - Corona                         Hexes                        1
   b - Sure Blade                     Hexes/Charms                 2
   c - Ensorcelled Hibernation        Hexes/Ice                    2
   d - Confuse                        Hexes                        3
   e - Dazzling Spray                 Conjuration/Hexes            3
   f - Enslavement                    Hexes                        4
 N - a book of Summonings

   Spells                             Type                      Level
   a - Abjuration                     Summoning                    3
   b - Recall                         Summoning/Translocation      3
   c - Shadow Creatures               Summoning                    5
   d - Summon Demon                   Summoning                    5
   e - Summon Forest                  Summoning/Translocation      5
   f - Monstrous Menagerie            Summoning                    6
Comestibles
 b - 8 bread rations
 h - a meat ration
 C - 7 beef jerkies
 G - 3 fruits


   Skills:
 - Level 2.4 Dodging
 - Level 2.4 Stealth
 - Level 13.6 Spellcasting
 - Level 11.3 Conjurations
 * Level 8.8 Hexes
 + Level 4.3 Fire Magic


You had 18 spell levels left.
You knew the following spells:

 Your Spells              Type           Power        Failure   Level  Hunger
a - Magic Dart            Conj           ####         1%          1    None
b - Searing Ray           Conj           ######       1%          2    None
c - Dazzling Spray        Conj/Hex       ######..     1%          3    None
d - Iskenderun's Mystic   Conj           ######..     1%          4    None
e - Inner Flame           Hex/Fire       #####...     1%          3    None
f - Iskenderun's Battles  Conj/Chrm      #####...     2%          5    ###....


Dungeon Overview and Level Annotations

Branches:
Dungeon (11/15)            Temple (0/1) D:6
   Lair: D:8-11         Orc: D:9-12

Altars:
Ashenzari
Fedhas
Makhleb
Ru
Trog
Vehumet

Shops:
D:4 ?

Annotations:
D:3 exclusion: oklob plant
D:8 Bramblefist's ghost, experienced MiBe
D:10 Trixu's ghost, powerful MiBe


Innate Abilities, Weirdness & Mutations

You possess an exceptional clarity of mind.


Message History

You miss something. Something hits you. Something completely misses you.
Something hits you but does no damage. Something hits you!
Something hits you but does no damage. Something hits you!
* * * LOW HITPOINT WARNING * * *
There is a stone staircase leading down, spattered with blood here.
Something hits you.
* * * LOW HITPOINT WARNING * * *
You climb downwards.
A rat and 5 centaurs come into view.
The centaur shouts! x5
There is a stone staircase leading up here.
The centaur wields a shortbow.
The centaur shoots an arrow.
The arrow misses you.
The centaur wields a shortbow.
The centaur shoots an arrow.
The arrow barely misses you.
A bat comes into view.
The centaur wields a shortbow.
The centaur shoots an arrow.
The arrow hits you!
You die... ..PPP.# PPP.PcP## .PPcPP.P.# P..PP....# P.PPPPccc#

P..PPP....#
PP.PP...<#
P..P..P..#
PPP...r.@#
b..PP.........#
....P........#
.....(.......#
.........###.#
#####...# #
#...# #...# ...


You could see 5 centaurs, a bat (sleeping) and a rat.

Vanquished Creatures
  2 hill giants (D:10)
  A troll (D:9)
  The ghost of CcS the Destroyer, an experienced TeCj (D:5)
  A two-headed ogre (D:10)
  Grinder (D:6)
  Eustachio (D:8)
  2 hungry ghosts
  4 sky beasts
  3 necrophages (D:7)
  6 ogres
  A black bear (D:6)
  An orc warrior (D:9)
  A phantom (D:7)
  Sigmund (D:6)
  3 big kobolds
  3 giant frogs
  4 centaurs
  2 scorpions (D:4)
  5 wights
  2 jellies
  3 crimson imps
  6 bog bodies (Ossuary)
  2 centaur zombies
  A goliath beetle (D:9)
  A giant frog skeleton (D:4)
  4 giant frog zombies
  Crazy Yiuf (D:4)
  3 orc priests
  4 hounds
  A quasit (D:10)
  2 gnoll shamans
  2 orc wizards
  7 worker ants
  Ijyb (D:3)
  9 mummies (Ossuary)
  7 worker ant zombies (Ossuary)
  12 gnolls
  13 adders
  2 shadow imps (D:6)
  A giant mite (D:8)
  A worm (D:2)
  4 adder zombies
  2 adder skeletons
  7 giant geckos
  An ooze (D:4)
  13 orcs
  2 bat skeletons
  2 bat zombies
  7 giant cockroaches
  10 goblins
  9 hobgoblins
  3 jackals (D:2)
  28 kobolds
  5 quokkas
  A ball python (D:1)
  12 bats
  A giant gecko skeleton (D:4)
  2 giant newts
  A giant spore (D:7)
  A quokka zombie (D:7)
  9 rats
  A ballistomycete (D:7)
249 creatures vanquished.

Vanquished Creatures (others)
  A giant spore (D:10)
1 creature vanquished.

Grand Total: 250 creatures vanquished

Notes
Turn   | Place    | Note
--------------------------------------------------------------
     0 | D:1      | asdasd222, the Deep Elf Conjurer, began the quest for the Orb.
     0 | D:1      | Reached XP level 1. HP: 10/10 MP: 5/5
   317 | D:1      | Reached XP level 2. HP: 12/15 MP: 0/8
   922 | D:2      | Reached skill level 5 in Spellcasting
   922 | D:2      | Reached XP level 3. HP: 19/19 MP: 10/14
   926 | D:2      | Learned a level 2 spell: Searing Ray
   930 | D:2      | Learned a level 3 spell: Dazzling Spray
  1546 | D:2      | Reached XP level 4. HP: 20/24 MP: 7/18
  1708 | D:2      | Reached skill level 6 in Spellcasting
  2396 | D:3      | Noticed Ijyb
  2403 | D:3      | Killed Ijyb
  2403 | D:3      | Reached skill level 7 in Spellcasting
  2403 | D:3      | Reached XP level 5. HP: 28/28 MP: 9/21
  2960 | D:3      | Found a blossoming altar of Fedhas.
  2978 | D:3      | Noticed an oklob plant
  3308 | D:4      | Learned a level 4 spell: Iskenderun's Mystic Blast
  3361 | D:4      | Reached skill level 8 in Spellcasting
  3444 | D:4      | Reached XP level 6. HP: 32/32 MP: 21/25
  3678 | D:4      | Reached skill level 9 in Spellcasting
  3817 | D:4      | Found Uvagec's Magic Scroll Shop.
  3913 | D:4      | Reached skill level 10 in Spellcasting
  3993 | D:4      | Noticed an ogre
  3999 | D:4      | Killed an ogre
  3999 | D:4      | Reached XP level 7. HP: 36/36 MP: 12/28
  4190 | D:4      | Noticed Crazy Yiuf
  4196 | D:4      | Killed Crazy Yiuf
  4368 | D:4      | Gained mutation: You possess an exceptional clarity of mind. [potion of beneficial mutation]
  4395 | D:4      | Found a radiant altar of Vehumet.
  4398 | D:4      | Became a worshipper of Vehumet
  4576 | D:5      | Entered Level 5 of the Dungeon
  4698 | D:4      | Reached skill level 11 in Spellcasting
  4870 | D:5      | Noticed CcS's ghost (experienced TeCj)
  4978 | D:5      | Killed CcS's ghost
  4978 | D:5      | Reached skill level 12 in Spellcasting
  4978 | D:5      | Reached XP level 8. HP: 30/41 MP: 8/30
  5385 | D:5      | Acquired Vehumet's first power
  5385 | D:5      | Offered knowledge of Sandblast by Vehumet.
  5618 | D:5      | Found a shattered altar of Ashenzari.
  6025 | D:6      | Noticed Grinder
  6083 | D:6      | Found a sand-covered staircase.
  6182 | D:6      | Found a sacrificial altar of Ru.
  6191 | D:6      | Reached skill level 13 in Spellcasting
  6239 | Ossuary  | Entered an ossuary
  6749 | Ossuary  | Reached skill level 5 in Conjurations
  6869 | Ossuary  | Offered knowledge of Flame Tongue by Vehumet.
  7359 | D:6      | Found a staircase to the Ecumenical Temple.
  7463 | D:6      | Noticed Sigmund
  7466 | D:6      | Killed Sigmund
  7714 | D:6      | Reached XP level 9. HP: 36/45 MP: 28/32
  7744 | D:6      | Killed Grinder
  7815 | D:6      | Found a burning altar of Makhleb.
  9078 | D:7      | Offered knowledge of Throw Flame by Vehumet.
  9436 | D:8      | Noticed Bramblefist's ghost (experienced MiBe)
  9475 | D:8      | Noticed Eustachio
  9479 | D:8      | Killed Eustachio
  9614 | D:8      | Reached skill level 10 in Conjurations
  9939 | D:9      | Acquired Vehumet's second power
 10178 | D:9      | Offered knowledge of Inner Flame by Vehumet.
 10185 | D:9      | Learned a level 3 spell: Inner Flame
 10369 | D:9      | Reached XP level 10. HP: 50/50 MP: 23/34
 11274 | D:9      | Found a bloodstained altar of Trog.
 11282 | D:9      | Reached skill level 1 in Fire Magic
 11354 | D:9      | Reached skill level 5 in Hexes
 11441 | D:10     | Entered Level 10 of the Dungeon
 11490 | D:10     | Noticed Trixu's ghost (powerful MiBe)
 12004 | D:10     | Noticed a hill giant
 12011 | D:10     | Learned a level 5 spell: Iskenderun's Battlesphere
 12014 | D:10     | Killed a hill giant
 12014 | D:10     | Acquired Vehumet's third power
 12203 | D:10     | Noticed a hill giant
 12207 | D:10     | Killed a hill giant
 13129 | D:11     | Shot with an arrow by a centaur

Action                   |  1- 3 |  4- 6 |  7- 9 | 10-12 || total
-------------------------+-------+-------+-------+-------++-------
Melee: Unarmed           |       |       |    27 |    15 ||    42
 Cast: Magic Dart        |    58 |    90 |   142 |    49 ||   339
       Searing Ray       |     3 |    15 |    54 |    10 ||    82
       Iskenderun's Myst |       |     8 |    93 |    48 ||   149
       Inner Flame       |       |       |     3 |    12 ||    15
       Iskenderun's Batt |       |       |       |     2 ||     2
  Use: Scroll            |     1 |     2 |    10 |       ||    13
       Potion            |       |       |     2 |       ||     2
  Eat: Chunk             |     2 |     5 |     8 |     5 ||    20
       Royal jelly       |       |     1 |       |       ||     1
       Meat ration       |       |       |     2 |       ||     2
       Beef jerky        |       |       |     1 |     1 ||     2
       Pizza             |       |       |       |     1 ||     1
